AoeStats
← Parcero Tico

African Clearing

505614958Analyzed
4v4 RM · 23d ago on Sep 10, 2026· 25m 20s· 8 players
Game mode
Random Map
Map size
Large (8 player)
Population
200
Speed
Normal
Resources
Standard
Victory
Conquest
Starting age
Dark Age
Ending age
Imperial Age
RankedLock teamsTeams togetherTeam positionsShared explorationLock speedFull tech treeHidden civsTurbo modeCheats
Victory
Defeat
🇲🇽 Dravidians · Mexico
1981
+6
🇲🇽 Maya · Mexico
1885
+8
🇲🇽 Turks · Mexico
1837
+10
🇲🇽 Magyars · Mexico
1803
+12
🇺🇸 Portuguese · United States
1861
-14
🇻🇳 Bohemians · Vietnam
1743
-10
🇬🇧 Burgundians · United Kingdom
1672
-8
🇨🇳 Vikings · China
1538
-4
JustAGecko
7:55 Loom
11:23 Feudal Age
11:17 Double-Bit Axe
THE GODFATHER
5:22 Loom
13:48 Feudal Age
NaiLiu
11:33 Loom
13:57 Feudal Age
17:43 Castle Age
15:56 Double-Bit Axe
15:52 Fishing Lines
16:51 Gold Mining
17:38 Town Watch
19:00 Bow Saw
22:12 Horse Collar
23:39 Wheelbarrow
DL-ĐệNhị
3:55 Loom
13:07 Feudal Age
19:12 Castle Age
VENÓN | Mauricio
14:37 Feudal Age
14:31 Loom
18:17 Castle Age
16:15 Double-Bit Axe
16:15 Fishing Lines
19:10 Bow Saw
19:06 Gillnets
20:33 Horse Collar
22:07 Wheelbarrow
22:27 Heavy Plow
VENON | OIGRES
3:13 Loom
13:48 Feudal Age
17:30 Castle Age
18:15 Fletching
VENÓN | BetoxAOE
9:56 Loom
12:04 Feudal Age
14:01 Town Watch
19:03 Wheelbarrow
18:43 Double-Bit Axe
20:59 Scale Barding Armor
21:27 Bloodlines
21:10 Horse Collar
25:07 Castle Age
26:03 Bow Saw
25:49 Gold Mining
Parcero Tico
7:30 Loom
7:34 Loom
8:13 Loom
10:53 Feudal Age
10:56 Man-at-Arms
14:21 Fletching
20:36 Double-Bit Axe
20:53 Horse Collar
26:06 Castle Age
Connection lost

Rejoining the realm…

Still unreachable

The connection could not be restored.

Session expired

The server has moved on; the page needs a fresh start.